 Dungeon Crawl Stone Soup version 0.27.0-1-g7a089689b8 (webtiles) character file.

Game seed: 17528185123590680031

2 shoop the Sneak (level 1, -2/14 HPs)
             Began as a Kobold Delver on Aug 9, 2021.
             Slain by a mummy (16 damage)
             ... in an ossuary.
             The game lasted 00:01:29 (313 turns).

shoop the Sneak (Kobold Delver)                      Turns: 313, Time: 00:01:30

Health: -2/14      AC:  3    Str:  9    XL:     1   Next: 44%
Magic:  1/1        EV: 14    Int: 11    God:
Gold:   0          SH:  0    Dex: 16    Spells: 0/0 levels left

rFire    . . .     SeeInvis .   a - +0 short sword
rCold    . . .     Faith    .   (shield restricted)
rNeg     . . .     Spirit   .   b - +0 leather armour
rPois    .         Reflect  .   (no helmet)
rElec    .         Harm     .   (no cloak)
rCorr    .         Rampage  .   (no gloves)
Will     .....                  (no boots)
Stlth    ++++......             (no amulet)
HPRegen  0.04/turn              (no ring)
MPRegen  0.07/turn              (no ring)

@: no status effects
A: small, no large weapons, nightstalker 3
a: no special abilities


You were in an ossuary.
You visited 1 branch of the dungeon, and saw 1 of its levels.
You also visited: Ossuary.

Inventory:

Hand Weapons
 a - a +0 short sword (weapon)
Armour
 b - a +0 leather armour (worn)
Wands
 g - a wand of digging (3)
Scrolls
 c - a scroll of fog
 d - a scroll of magic mapping
 e - a scroll of fear
 h - a scroll of acquirement {unknown}
Potions
 f - a potion of haste


   Skills:
 - Level 3.2 Fighting
 + Level 3.1 Short Blades
 - Level 2.4 Dodging
 - Level 6.6 Stealth


You couldn't memorise any spells.
You didn't know any spells.
Your spell library was empty.

Dungeon Overview and Level Annotations

Branches:
Dungeon (5/15)            Ossuary (1/1)
 Temple: D:4-7

Altars:

Shops:
D:5 *

Annotations:
D:5 exclusion: orc


Innate Abilities, Weirdness & Mutations

You are small and have problems with some larger weapons.
You are completely attuned to the shadows.


Message History

Ouch! That really hurt!
You are too injured to fight recklessly!
You hear the hiss of an avalanche of sand very nearby.
There is an open door here.
There is a sand-covered staircase here.
The world spins around you as you enter the gateway.
You enter an ossuary!
Found a gate leading back out of this place.
There is an empty arch of ancient stone here.
You start resting.
HP restored.
There is a gate leading back out of this place here.
You open the gate.
There is an open gate here.
You open the door.
There is an open door here.
h - a scroll labelled JYEF DOONEPP
There is an open door here. 2 zombies come into view.
Unknown command.
You hit the goblin zombie.
The goblin zombie is moderately damaged.
You hit the goblin zombie.
The goblin zombie is severely damaged.
The goblin zombie hits you but does no damage.
You hit the goblin zombie but do no damage.
The goblin zombie is severely damaged.
The goblin zombie barely misses you.
You hit the goblin zombie but do no damage.
The goblin zombie is severely damaged.
The goblin zombie closely misses you.
You hit the goblin zombie.
You destroy the goblin zombie!
No target in view!
You open the door.
A mummy comes into view.
Found a sedimented green potion.
You barely miss the mummy. The mummy hits you!
Ouch! That really hurt!
You die...

...........#
...........#
.....####..#
..8...+ #..#
.....####..#
..........
..........
####.####.
#.@M!#
#.####
.........
.........
.....####
.Z8...


You could see a mummy.

Vanquished Creatures
  An orc (D:5)
  A goblin zombie (Ossuary)
2 creatures vanquished.

Notes
Turn   | Place    | Note
-------+----------+-------------------------------------------
     0 | D:5      | shoop the Kobold Delver began the quest for the Orb.
     0 | D:5      | Reached XP level 1. HP: 14/14 MP: 1/1
    50 | D:5      | Found a sand-covered staircase.
   134 | Ossuary  | Entered an ossuary
   253 | Ossuary  | Noticed a wraith
   313 | Ossuary  | Slain by a mummy

Illustrated notes

Levels and vault maps discovered:
D:5:      layout_loops_ring, fedhas_bush_and_centaur_altar,
          nicolae_overflow_hidden_temple, lemuel_round_altar, serial_rivers,
          chequers_serial_rivers_micro_a, chequers_serial_rivers_small_a,
          chequers_serial_rivers_small_3, chequers_serial_rivers_small_3,
          gup_ossuary_entry_pyramid, serial_shops, shop, chequers_mini_garden
Ossuary:  ossuary_kennysheep_city_of_the_dead

Skill      XL: |  1 |
---------------+----+-----
Short Blades   | 3 |  3.1
Fighting       | |  3.2
Dodging        | |  2.4
Stealth        | |  6.6

Action                   || total
-------------------------++-------
Melee: Short sword       ||    20
 Stab: Sleeping          ||     1
Armor: Leather armour    ||     1
Dodge: Dodged            ||     8
